 Dungeon Crawl Stone Soup version 0.27.0-1-g7a089689b8 (webtiles) character file.

Game seed: 17285113382139285859

4 ara8ara the Skirmisher (level 1, 0/19 HPs)
             Began as a Hill Orc Fighter on Aug 13, 2021.
             Slain by a quokka (3 damage)
             ... on level 1 of the Dungeon.
             The game lasted 00:00:42 (51 turns).

ara8ara the Skirmisher (Hill Orc Fighter)             Turns: 51, Time: 00:00:42

Health: 0/19       AC:  6    Str: 18    XL:     1   Next: 70%
Magic:  1/1        EV:  4    Int:  8    God:
Gold:   0          SH:  9    Dex: 10    Spells: 0/0 levels left

rFire    . . .     SeeInvis .   a - +0 war axe
rCold    . . .     Faith    .   c - +0 kite shield
rNeg     . . .     Spirit   .   b - +0 scale mail
rPois    .         Reflect  .   (no helmet)
rElec    .         Harm     .   (no cloak)
rCorr    .         Rampage  .   (no gloves)
Will     .....                  (no boots)
Stlth    ..........             (no amulet)
HPRegen  0.06/turn              (no ring)
MPRegen  0.07/turn              (no ring)

@: constricted
A: no striking features
a: no special abilities


You were on level 1 of the Dungeon.
You visited 1 branch of the dungeon, and saw 1 of its levels.

Inventory:

Hand Weapons
 a - a +0 war axe (weapon)
Armour
 b - a +0 scale mail (worn)
 c - a +0 kite shield (worn)
Potions
 d - a potion of might
 e - a potion of magic {unknown}


   Skills:
 + Level 3.6 Fighting
 + Level 2.6 Axes
 + Level 3.4 Armour
 + Level 3.5 Shields


You couldn't memorise any spells.
You didn't know any spells.
Your spell library was empty.

Dungeon Overview and Level Annotations

Branches:
Dungeon (1/15)

Altars:


Message History

You hit the quokka.
The ball python bites you but does no damage.
The ball python constricts you. You block the quokka's attack.
The ball python bites you but does no damage.
The ball python constricts you.
You hit the ball python but do no damage.
Your shield and scale mail prevent you from hitting the quokka.
The quokka bites you but does no damage.
The ball python bites you. The ball python constricts you.
You block the quokka's attack. The ball python bites you.
The ball python constricts you.
You closely miss the quokka.
The quokka is severely wounded.
You completely miss the ball python. You barely miss the rat.
You block the quokka's attack.
The ball python bites you but does no damage.
The ball python constricts you. The rat bites you but does no damage.
You block the quokka's attack. The ball python bites you.
The ball python constricts you. The rat bites you.
You miss the quokka.
The quokka is severely wounded.
You closely miss the ball python. You hit the rat.
You kill the rat!
The quokka bites you but does no damage.
You block the ball python's attack.
* * * LOW HITPOINT WARNING * * *
The ball python constricts you.
The quokka bites you but does no damage.
The ball python closely misses you. The ball python constricts you.
You closely miss the quokka.
The quokka is severely wounded.
Your scale mail prevents you from hitting the ball python.
The quokka barely misses you. You block the ball python's attack.
The ball python constricts you. The quokka bites you.
* * * LOW HITPOINT WARNING * * *
You block the ball python's attack. The ball python constricts you.
You barely miss the ball python. You completely miss the quokka.
The ball python bites you but does no damage.
The ball python constricts you. The quokka bites you.
You die...

####### ##.....##
##.......##
#.........#
#.......$.#
#...!.....#
#.........#
#....†....####
##..:r@..#...########
#....S...............
..............####....
.#............# ....
#.....>)...#)# #...
###..........#.###....
.....................
#.#.........#.#.....#
#.#.............##.#.


You could see a quokka and a ball python.

Vanquished Creatures
  A giant cockroach (D:1)
  A goblin (D:1)
  A hobgoblin (D:1)
  A rat (D:1)
4 creatures vanquished.

Notes
Turn   | Place    | Note
-------+----------+-------------------------------------------
     0 | D:1      | ara8ara the Hill Orc Fighter began the quest for the Orb.
     0 | D:1      | Reached XP level 1. HP: 19/19 MP: 1/1
    51 | D:1      | Slain by a quokka

Illustrated notes

Levels and vault maps discovered:
D:1:      scummos_arrival_forest, layout_rooms,
          shapermc_ecumenical_altar_starsandcircs

Action                   || total
-------------------------++-------
Melee: War axe           ||    17
Armor: Scale mail        ||    16
Dodge: Dodged            ||     9
Block: Kite shield       ||    15
